 Dungeon Sprint DCSS version 0.17-a0-1718-g72dbe4d (webtiles) character file.

3473 Kidiri the Blocker (level 9, -16/85 HPs)
             Began as a Minotaur Fighter on Aug 25, 2015.
             Was a High Priest of Okawaru.
             Demolished by a greater naga
             ... wielding a +0 halberd
              (18 damage)
             ... in the Dungeon (Sprint VII: "The Pits").
             The game lasted 00:05:23 (1342 turns).

Kidiri the Blocker (Minotaur Fighter)               Turns: 1342, Time: 00:05:23

Health: -16/85     AC: 18    Str: 23    XL:     9   Next: 79%
Magic:  13/13      EV: 14    Int:  8    God:    Okawaru [*****.]
Gold:   0          SH: 13    Dex: 11    Spells: 0 memorised, 8 levels left

rFire  . . .     SeeInvis .     a - +0 flail
rCold  . . .     Clarity  .     y - +4 chain mail
rNeg   . . .     SustAt   .     c - +0 shield
rPois  .         Gourm    .     (helmet restricted)
rElec  .         Spirit   .     (no cloak)
rCorr  .         Warding  .     (no gloves)
rMut   .         NoTele   +     x - +0 pair of boots
MR     .....                    (no amulet)
Stlth  ..........               u - +3 ring of evasion
                                t - +3 ring of intelligence

@: lethally poisoned (-16 -> -21), not resistant to hostile enchantments,
extremely unstealthy
A: retaliatory headbutt, horns 2
a: Heroism, Finesse, Renounce Religion


You were in the Dungeon.
You worshipped Okawaru.
Okawaru was extremely pleased with you.
You were not hungry.

You visited 1 branch

Inventory:

Hand weapons
 a - a +0 flail (weapon)
Missiles
 r - 7 javelins of returning (quivered)
Armour
 c - a +0 shield (worn)
 x - a +0 pair of boots (worn)
 y - a +4 chain mail (worn)
Jewellery
 t - a +3 ring of intelligence (left hand)
 u - a +3 ring of evasion (right hand)
Scrolls
 k - a scroll of blinking
 o - 3 scrolls of remove curse
 p - 5 scrolls of amnesia
 q - a scroll of summoning
Potions
 d - 3 potions of might
 f - 7 potions of curing
 g - a potion of heal wounds
 h - 4 potions of haste
 i - 4 potions of magic
 j - 3 potions of berserk rage
 n - 2 potions of invisibility
 v - a potion of agility
 w - a potion of resistance
Comestibles
 e - 7 bread rations
 l - 40 fruits
 m - 7 meat rations


   Skills:
 + Level 9.8 Fighting
 * Level 12.8 Maces & Flails
 + Level 3.7 Throwing
 * Level 12.9 Armour
 + Level 8.2 Dodging
 * Level 13.0 Shields
 + Level 7.3 Invocations


You had 8 spell levels left.
You didn't know any spells.

Dungeon Overview and Level Annotations

Branches:
Dungeon (1/1)

Altars:
Ashenzari
Cheibriados
Dithmenos
Elyvilon
Fedhas
Gozag
Kikubaaqudgha
Makhleb
Nemelex Xobeh
Okawaru
Qazlal
Ru
Sif Muna
Trog
Vehumet
Xom
Yredelemnul
Zin
The Shining One
Beogh
Jiyva
Lugonu


Innate Abilities, Weirdness & Mutations

You reflexively headbutt those who attack you in melee.
You have a pair of horns on your head.


Message History

Something draws strength from your injuries!
You hit something.
The greater naga hits you from afar with a halberd.
Something hits you but does no damage. Something bites you but does no damage.
You hit something. Your headbutt misses something.
You feel sick. You block the greater naga's attack. Something hits you!
* * * LOW HITPOINT WARNING * * *
Something bites you!
* * * LOW HITPOINT WARNING * * *
Something draws strength from your injuries!
You miss something.
You feel sick. You block the greater naga's attack. You block its attack.
Something bites you!
* * * LOW HITPOINT WARNING * * *
Something draws strength from your injuries!
You closely miss something. Your headbutt misses something.
* * * LOW HITPOINT WARNING * * *
You feel sick. The greater naga barely misses you.
You hit something. You headbutt something.
The greater naga hits you from afar with a halberd!!
You die...

...##......# ...###....##
#### ...# ##''## ###..+
...###.[..###....# +##
...##......#....# ..##
#####......+....+ ...+
#####......#....## ..# .
.[[###....###....##)##....
..[# ##++## ###.@'N).'..#
.))###.%..## ####)).####
.))##......# ......#
.))##(.....# ........#
############ ##########


You could see a greater naga.

Vanquished Creatures
  A shadow wraith (D)
  An orb spider (shapeshifter) (D)
  A black mamba (D)
  An orc sorcerer (D)
  A komodo dragon (D)
  A guardian mummy (D)
  A two-headed ogre (D)
  Eustachio (D)
  A wraith (D)
  A hungry ghost (D)
  A wolf (D)
  A warg (D)
  A phantom (D)
  A black bear (D)
  A centaur (D)
  A brain worm (D)
  A scorpion (D)
  3 wights (D)
  A crimson imp (D)
  2 worker ants (D)
  An adder (D)
  2 gnolls (D)
  An ufetubus (D)
  2 oozes (D)
  A giant gecko (D)
  A ball python (D)
  A giant newt (D)
  A kobold (D)
  3 quokkas (D)
  2 rats (D)
38 creatures vanquished.

Notes
Turn   | Place    | Note
--------------------------------------------------------------
     0 | D        | Kidiri the Minotaur Fighter began the quest for the Orb.
     0 | D        | Reached XP level 1. HP: 19/19 MP: 0/0
    29 | D        | Reached skill level 4 in Armour
    29 | D        | Reached skill level 1 in Dodging
    62 | D        | Found a sacrificial altar of Ru.
    62 | D        | Found a basalt altar of Yredelemnul.
    62 | D        | Found a shadowy altar of Dithmenos.
    62 | D        | Found a deep blue altar of Sif Muna.
    62 | D        | Found a burning altar of Makhleb.
    62 | D        | Found a shimmering altar of Xom.
    62 | D        | Found an ancient bone altar of Kikubaaqudgha.
    62 | D        | Found a sparkling altar of Nemelex Xobeh.
    63 | D        | Found a glowing golden altar of the Shining One.
    63 | D        | Found a bloodstained altar of Trog.
    63 | D        | Found a shattered altar of Ashenzari.
    63 | D        | Found a white marble altar of Elyvilon.
    63 | D        | Found a snail-covered altar of Cheibriados.
    63 | D        | Found a blossoming altar of Fedhas.
    63 | D        | Found a radiant altar of Vehumet.
    63 | D        | Found a glowing silver altar of Zin.
    63 | D        | Found a corrupted altar of Lugonu.
    63 | D        | Found a viscous altar of Jiyva.
    63 | D        | Found a roughly hewn altar of Beogh.
    63 | D        | Found an iron altar of Okawaru.
    69 | D        | Found a stormy altar of Qazlal.
    70 | D        | Found an opulent altar of Gozag.
    72 | D        | Became a worshipper of Warmaster Okawaru
   187 | D        | Noticed a worker ant
   189 | D        | Killed a worker ant
   189 | D        | Reached skill level 5 in Armour
   189 | D        | Reached skill level 1 in Invocations
   189 | D        | Reached XP level 2. HP: 25/28 MP: 1/1
   189 | D        | Reached XP level 3. HP: 30/34 MP: 2/2
   199 | D        | Reached skill level 5 in Shields
   244 | D        | Noticed a brain worm
   255 | D        | Killed a brain worm
   255 | D        | Acquired Okawaru's first power
   255 | D        | Reached skill level 5 in Fighting
   255 | D        | Reached skill level 5 in Maces & Flails
   255 | D        | Reached skill level 6 in Armour
   255 | D        | Reached XP level 4. HP: 28/42 MP: 4/4
   355 | D        | Noticed a hungry ghost
   375 | D        | Killed a hungry ghost
   375 | D        | Reached skill level 7 in Maces & Flails
   375 | D        | Reached XP level 5. HP: 43/50 MP: 3/6
   389 | D        | Noticed a crimson imp
   397 | D        | Killed a crimson imp
   397 | D        | Reached skill level 8 in Armour
   397 | D        | Reached XP level 6. HP: 52/57 MP: 5/7
   435 | D        | Noticed a black mamba
   446 | D        | Killed a black mamba
   446 | D        | Reached skill level 9 in Maces & Flails
   446 | D        | Reached skill level 5 in Dodging
   446 | D        | Reached XP level 7. HP: 39/66 MP: 7/9
   699 | D        | Noticed a phantom
   699 | D        | Noticed a warg
   704 | D        | Killed a warg
   704 | D        | Reached skill level 10 in Shields
   704 | D        | Reached skill level 5 in Invocations
   712 | D        | Killed a phantom
   712 | D        | Reached skill level 10 in Maces & Flails
   712 | D        | Reached skill level 10 in Armour
   855 | D        | Noticed a hippogriff
   855 | D        | Noticed Eustachio
   858 | D        | Noticed an orb spider
   858 | D        | a hippogriff changed into an orb spider
   864 | D        | Killed Eustachio
   867 | D        | Received a gift from Okawaru
   887 | D        | Killed an orb spider
   887 | D        | Reached skill level 11 in Maces & Flails
   887 | D        | Reached XP level 8. HP: 71/75 MP: 11/11
  1056 | D        | Noticed a worker ant
  1056 | D        | Noticed a guardian mummy
  1056 | D        | Noticed an orc sorcerer
  1058 | D        | Killed a worker ant
  1067 | D        | Killed a guardian mummy
  1067 | D        | Reached skill level 1 in Throwing
  1068 | D        | Paralysed by an orc sorcerer for 6 turns
  1080 | D        | Killed an orc sorcerer
  1080 | D        | Reached XP level 9. HP: 73/81 MP: 12/12
  1094 | D        | Noticed a scorpion
  1094 | D        | Noticed a centaur
  1095 | D        | Killed a scorpion
  1098 | D        | Killed a centaur
  1113 | D        | Killed a shadow wraith
  1113 | D        | Reached skill level 12 in Maces & Flails
  1282 | D        | Noticed a wolf
  1282 | D        | Noticed a komodo dragon
  1282 | D        | Noticed a wraith
  1290 | D        | Killed a wolf
  1296 | D        | Killed a wraith
  1300 | D        | Killed a komodo dragon
  1311 | D        | Noticed a black bear
  1311 | D        | Noticed a wight
  1311 | D        | Noticed a wight
  1311 | D        | Noticed a wight
  1316 | D        | Killed a black bear
  1318 | D        | Killed a wight
  1323 | D        | Noticed a two-headed ogre
  1323 | D        | Noticed a vampire mage
  1324 | D        | Killed a wight
  1328 | D        | Killed a wight
  1330 | D        | Noticed a greater naga
  1333 | D        | Killed a two-headed ogre
  1333 | D        | Acquired Okawaru's second power
  1333 | D        | Reached skill level 13 in Shields
  1340 | D        | HP: 2/85 [something (7)]
  1342 | D        | Demolished by a greater naga

Vault maps used:
D:        pitsprint

Action                   |  1- 3 |  4- 6 |  7- 9 || total
-------------------------+-------+-------+-------++-------
Melee: Flail             |    32 |    45 |   100 ||   177
Throw: Javelin           |       |       |    11 ||    11
Invok: Heroism           |       |     2 |     4 ||     6
  Use: Potion            |       |       |     5 ||     5
  Eat: Chunk             |       |     3 |       ||     3
       Bread ration      |       |       |     1 ||     1
